 Dungeon Crawl Stone Soup version 0.26-b1-32-g5d43845318 (webtiles) character file.

Game seed: 9373876555802901518

35 Aviak the Insei (level 3, -1/26 HPs)
             Began as a Demonspawn Transmuter on Jan 12, 2021.
             Slain by an adder (2 damage)
             ... on level 1 of the Dungeon.
             The game lasted 00:01:19 (1599 turns).

Aviak the Insei (Demonspawn Transmuter)             Turns: 1599, Time: 00:01:20

Health: -1/26      AC:  3    Str: 10    XL:     3   Next: 17%
Magic:  5/6        EV: 11    Int: 15    God:
Gold:   15         SH:  0    Dex: 13    Spells: 5/6 levels left

rFire    . . .     SeeInvis .     - Unarmed
rCold    . . .     Faith    .   (no shield)
rNeg     . . .     Spirit   .   g - +0 leather armour
rPois    .         Reflect  .   (helmet currently unavailable)
rElec    .         Harm     .   (no cloak)
rCorr    .         Rampage  .   (no gloves)
Will     .....                  (boots currently unavailable)
Stlth    +.........             (no amulet)
HPRegen  0.08/turn              (no ring)
MPRegen  0.10/turn              (no ring)

@: lethally poisoned (-1 -> -4), appendages (expiring)
A: claws 1, horns 2, talons 2
a: End Transformation


You were on level 1 of the Dungeon.
You had grown temporary horns.
You had grown temporary talons.
You visited 1 branch of the dungeon, and saw 2 of its levels.

You collected 15 gold pieces.

Inventory:

Armour
 a - a +0 robe
 g - a +0 leather armour (worn)
Scrolls
 c - a scroll of teleportation {unknown}
 d - 3 scrolls of remove curse {unknown}
 e - a scroll of noise {unknown}
 f - a scroll of magic mapping {unknown}
 h - a scroll of fear {unknown}
 i - a scroll of identify {unknown}


   Skills:
 - Level 1.0 Fighting
 - Level 1.7 Dodging
 + Level 3.3 Unarmed Combat
 - Level 2.0 Spellcasting
 + Level 2.6 Transmutations


You had 5 spell levels left.
You knew the following spells:

 Your Spells              Type           Power        Failure   Level
a - Beastly Appendage     Tmut           18%          11%         1

Your spell library contained the following spells:

 Spells                   Type           Power        Failure   Level
 Wereblood                Tmut           9%           16%         2
 Spider Form              Tmut/Pois      2%           47%         3
 Ice Form                 Ice/Tmut       5%           87%         4
 Blade Hands              Tmut           4%           96%         5


Dungeon Overview and Level Annotations

Branches:
Dungeon (2/15)

Altars:


Innate Abilities, Weirdness & Mutations

You have sharp fingernails.
You have a pair of horns on your head.
You have razor-sharp toenails.


Message History

You feel sick. The adder bites you but does no damage.
You scratch the adder.
You kill the adder!
You have reached level 3!
Your experience leads to an increase in your attributes!
Increase (S)trength, (I)ntelligence, or (D)exterity?
You feel clever.
Your transformation is almost over.
The adder barely misses you.
You feel sick. The adder closely misses you.
There is a stone staircase leading up here.
The adder closely misses you.
You climb upwards.
You feel sick.
There is a stone staircase leading down here.
You aren't carrying any potions.
You miss the adder. Your kick misses the adder. The adder bites you.
* * * LOW HITPOINT WARNING * * *
The adder bites you.
You die...

...##.P.P......#.....†.......#.#
...##.......##.#.....♣.♣#♣#♣.#.#
...##.......##.#.......# #.#.#
...##.......##.######### #.#.#
...##.......##.# #.#.#
....#.......##.# #.#.##
....##.........# #.#...
....##.........### ########.....
....''.........S@# #............
....##......##.#.# #.##.....###.
....##......##.#.####.##.###(....
..#.........##.#.#....##.#.#####.
..#........###.#.#.#####.#.# #.
..+........# #.#.#^#####.#.#####.
###........###.#.#.......#.......
#######.##..##.#.#......#########
....# #.###.##.#.................


You could see an adder.

Vanquished Creatures
  An adder (D:2)
  A leopard gecko (D:2)
  2 giant cockroaches (D:1)
  3 goblins (D:1)
  3 hobgoblins (D:1)
  4 kobolds (D:1)
  A ball python (D:1)
  2 bats (D:1)
  3 frilled lizards (D:1)
  3 rats (D:1)
23 creatures vanquished.

Notes
Turn   | Place    | Note
-------+----------+-------------------------------------------
     0 | D:1      | Aviak the Demonspawn Transmuter began the quest for the
                  | Orb.
     0 | D:1      | Reached XP level 1. HP: 15/15 MP: 3/3
   367 | D:1      | Reached skill level 3 in Unarmed Combat
   367 | D:1      | Gained mutation: You have sharp fingernails. [demonic
                  | ancestry]
   367 | D:1      | Reached XP level 2. HP: 19/21 MP: 3/5
  1592 | D:2      | Reached XP level 3. HP: 6/26 MP: 4/6
  1599 | D:1      | HP: 1/26 [adder (4)]
  1599 | D:1      | Slain by an adder

Illustrated notes

Levels and vault maps discovered:
D:1:      dpeg_arrival_arbitrary_b, layout_basic, serial_forest,
          infiniplex_forest_split, infiniplex_forest_straight_2,
          infiniplex_forest_straight_1, infiniplex_forest_clump_cross,
          infiniplex_forest_lined_room_2, infiniplex_forest_lined_2,
          infiniplex_forest_clump_curved
D:2:      layout_basic, minmay_pentomino_t2

Skill      XL: |  1 |
---------------+----+-----
Transmutations | 2 |  2.6
Unarmed Combat | 3 |  3.3
Fighting       | |  1.0
Dodging        | |  1.7
Spellcasting   | |  2.0

Action                   || total
-------------------------++-------
Melee: Unarmed           ||    60
       Headbutt          ||     2
       Kick              ||     1
 Cast: Beastly Appendage ||    10
  Use: Potion            ||     1
Armor: Robe              ||     4
       Leather armour    ||     7
Dodge: Dodged            ||    58
